 Dungeon Crawl Stone Soup version 0.31-a0-986-g5e6e4ef867 (webtiles) character file.

Game seed: 15151140065775608576

187 timneilson the Shield-Bearer (level 5, -2/33 HPs)
             Began as a Gargoyle Fighter on Nov 12, 2023.
             Slain by a gnoll bouda
             ... wielding a +0 whip
              (3 damage)
             ... on level 4 of the Dungeon.
             The game lasted 00:03:33 (2783 turns).

timneilson the Shield-Bearer (Gargoyle Fighter)     Turns: 2783, Time: 00:03:34

Health: -2/33      AC: 13    Str: 19    XL:     5   Next: 66%
Magic:  5/5        EV:  8    Int:  9    God:
Gold:   200        SH:  6    Dex: 11    Spells: 4/4 levels left

rFire   . . .        a - +1 long sword
rCold   . . .        c - +1 buckler
rNeg    + . .        e - +0 chain mail {Will+}
rPois   ∞            (no helmet)
rElec   +            (no cloak)
rCorr   .            (no gloves)
SInv    .            (no boots)
Will    +....        (no amulet) Stlth
                     (no ring)
HPRegen 0.25/turn    (no ring)
MPRegen 0.09/turn

%: no passive effects
@: studying Long Blades
A: sickness immunity, AC +4, negative energy resistance 1, electricity
resistance, torment resistance 1, petrification resistance
a: no special abilities


You were on level 4 of the Dungeon.
You visited 1 branch of the dungeon, and saw 4 of its levels.

You collected 200 gold pieces.

Inventory:

Hand Weapons
 a - a +1 long sword (weapon)
Armour
 c - a +1 buckler (worn)
 e - a +0 chain mail of willpower (worn)
Scrolls
 d - a scroll of fog
 g - 2 scrolls of enchant weapon
 h - a scroll of identify {unknown}
 j - 3 scrolls of vulnerability
Potions
 b - a potion of resistance {unknown}
 f - a potion of haste {unknown}
 i - a potion of brilliance {unknown}
 m - a potion of degeneration {unknown}
 n - a potion of heal wounds {unknown}


   Skills:
 + Level 3.8 Fighting
 * Level 3.1 Long Blades
 * Level 4.3 Armour
 + Level 1.1 Dodging
 * Level 4.4 Shields


You had 4 spell levels left.
You didn't know any spells.
Your spell library contained the following spells:

 Spells                   Type           Power      Damage    Failure   Level
 Apportation              Tloc           0%         N/A       99%         1
 Jinxbite                 Hex            0%         N/A       99%         2
 Alistair's Intoxication  Tmut/Pois      0%         N/A       100%        5


Dungeon Overview and Level Annotations

Branches:
Dungeon (4/15)
 Temple: D:4-7

Altars:
Cheibriados
Zin


Innate Abilities, Weirdness & Mutations

You are immune to sickness and miasma.
Your stone body is resilient. (AC +4)
You are immune to poison.
You resist negative energy. (rN+)
You are resistant to electric shocks. (rElec)
You are resistant to unholy torment.
You are immune to petrification.


Message History

You hit the gnoll bouda.
The gnoll bouda is moderately wounded.
The gnoll is no longer moving quickly.
The gnoll bouda hits you with a +0 whip.
The gnoll hits you but does no damage. The gnoll bouda closely misses you.
You hit the gnoll bouda.
The gnoll bouda is heavily wounded.
The gnoll hits you from afar with a +0 halberd.
You block the gnoll bouda's attack. The gnoll barely misses you.
You hit the gnoll bouda.
The gnoll bouda is heavily wounded.
The gnoll is no longer moving quickly.
The gnoll bouda hits you with a +0 whip.
* * * LOW HITPOINT WARNING * * *
The gnoll hits you from afar with a +0 halberd.
* * * LOW HITPOINT WARNING * * *
You hit the gnoll bouda.
The gnoll bouda is heavily wounded.
The gnoll bouda barely misses you. You block the gnoll's attack.
You completely miss the gnoll bouda.
The gnoll bouda is heavily wounded.
The gnoll bouda barks out a call to the hunt!
The gnolls pick up the pace!
The gnoll closely misses you. You block the gnoll bouda's attack.
You barely miss the gnoll bouda.
The gnoll bouda is heavily wounded.
The gnoll hits you but does no damage. The gnoll bouda barely misses you.
The gnoll hits you from afar with a +0 halberd.
* * * LOW HITPOINT WARNING * * *
You barely miss the gnoll bouda.
The gnoll bouda is heavily wounded.
The gnoll is no longer moving quickly.
The gnoll bouda barks out a call to the hunt!
The gnoll picks up the pace!
The gnoll hits you from afar with a +0 halberd.
* * * LOW HITPOINT WARNING * * *
You barely miss the gnoll bouda.
The gnoll bouda is heavily wounded.
The gnoll bouda hits you with a +0 whip.
You die...

##.......≈.#.≈.#...≈.#.≈.#
##.......#.≈.#...≈.#.≈.##
#.......#.≈.#_.≈≈.#.≈.#
#.......#.≈.###...#.≈.#
#.......#.≈....####.≈.#
#.......#.≈≈≈≈≈.....≈.#
###...#...#......≈≈≈≈≈≈.#
#........g#######.......#
#+#....##ggg@....########
#.g############# #.. ....
#...# #... #... g...


You could see a gnoll bouda and 3 gnolls.

Vanquished Creatures
  An ogre (D:3)
  3 adders (D:2)
  A gnoll (D:4)
  A worm (D:2)
  3 dart slugs
  2 orcs
  3 bats
  6 endoplasms
  3 giant cockroaches
  3 goblins
  6 hobgoblins
  2 jackals (D:2)
  2 quokkas
  6 ball pythons
  2 frilled lizards
  5 kobolds
  5 rats
54 creatures vanquished.

Notes
Turn   | Place    | Note
-------+----------+-------------------------------------------
     0 | D:1      | timneilson the Gargoyle Fighter began the quest for the
                  | Orb.
     0 | D:1      | Reached XP level 1. HP: 14/14 MP: 1/1
    83 | D:1      | Reached XP level 2. HP: 19/19 MP: 2/2
   962 | D:2      | Reached XP level 3. HP: 21/23 MP: 3/3
  1470 | D:2      | Reached XP level 4. HP: 26/28 MP: 4/4
  1499 | D:2      | Found a faded altar of an unknown god.
  2393 | D:3      | Noticed an ogre
  2400 | D:3      | Killed an ogre
  2401 | D:3      | Reached skill level 1 in Dodging
  2401 | D:3      | Reached XP level 5. HP: 14/33 MP: 5/5
  2642 | D:3      | Identified a scroll of acquirement
  2642 | D:3      | Acquired a manual of Long Blades
  2701 | D:4      | Found a glowing silver altar of Zin.
  2702 | D:4      | Found a snail-covered altar of Cheibriados.
  2782 | D:4      | HP: 1/33 [gnoll/+0 halberd[a gnoll bouda] (2)]
  2783 | D:4      | Slain by a gnoll bouda

Illustrated notes

Levels and vault maps discovered:
D:1:      beargit_arrival_diablo_church, layout_basic
D:2:      layout_basic, basic_ecumenical_altar
D:3:      layout_basic
D:4:      nicolae_cairo_tiling_large, layout_cave_pods,
          nicolae_overflow_squiral, nzn_wu_jian_contemplation, elyvilon_altar_4

Skill      XL: |  1  2  3  4 |
---------------+-------------+-----
Long Blades    | 2 3 |  3.1
Shields        | 4 |  4.4
Armour         | 4 |  4.3
Dodging        | 1 |  1.1
Fighting       | |  3.8

Action                     |  1- 3 |  4- 6 || total
---------------------------+-------+-------++-------
  Melee: Long sword        |   135 |    64 ||   199
    Use: Scroll            |     3 |     7 ||    10
         Potion            |       |     1 ||     1
 Armour: Chain mail        |    98 |    58 ||   156
         Scale mail        |     2 |       ||     2
  Dodge: Dodged            |    51 |    21 ||    72
  Block: Buckler           |    34 |    13 ||    47

Table legend: (Time is in decaauts)
 A = Elapsed time spent in this place.
 B = Non-inter-level travel time spent in this place.
 C = Inter-level travel time spent in this place.
 D = Time resting spent in this place.
 E = Time spent auto-exploring this place.
 F = Levels seen in this place.
 G = Mean time per level.
                   A        B        C        D        E       F      G
               +--------+--------+--------+--------+--------+-----+--------+
         Total |   2844 |   2739 |    105 |      9 |   2217 |   4 |  711.0 |
       Dungeon |   2844 |   2739 |    105 |      9 |   2217 |   4 |  711.0 |
               +--------+--------+--------+--------+--------+-----+--------+

Top non-repeatable levels by time:
     D:2: 1128 daAuts
     D:1: 845 daAuts
     D:3: 739 daAuts
     D:4: 130 daAuts
